 Dungeon Sprint DCSS version 0.31-a0-152-g6aa68a64a1 (webtiles) character file.

Game seed: 304606194853716963

234 Conn the Arsonist (level 6, -5/38 HPs)
             Began as an Octopode Fire Elementalist on June 11, 2023.
             Was an Initiate of Sif Muna.
             Slain by a polar bear (19 damage)
             ... in the Dungeon (Sprint II: "The Violet Keep of Menkaure").
             The game lasted 00:03:00 (139 turns).

Conn the Arsonist (Octopode Fire Elementalist)       Turns: 139, Time: 00:03:01

Health: -5/38      AC:  1    Str:  7    XL:     6   Next: 5%
Magic:  3/13       EV: 14    Int: 20    God:    Sif Muna [......]
Gold:   243        SH:  0    Dex: 12    Spells: 5/15 levels left

rFire   . . .        (no weapon)
rCold   . . .        (no shield)
rNeg    . . .        (helmet restricted)
rPois   .            (no amulet)
rElec   .            (no ring)
rCorr   .            (no ring)
SInv    .            (no ring)
Will    .....        (no ring)
Stlth   +++++        (no ring)
HPRegen 0.26/turn    (no ring)
MPRegen 0.13/turn    (no ring)
                     (no ring)

%: no teleportation
@: very slightly contaminated
A: almost no armour, amphibious, 8 rings, camouflage 1, gelatinous body 1,
nimble swimmer 1, tentacles
a: Renounce Religion


You were in the Dungeon.
You worshipped Sif Muna.
Sif Muna was noncommittal.
You visited 1 branch You collected 243 gold pieces.

Inventory:

Scrolls
 f - a scroll of blinking
Potions
 a - 3 potions of magic


   Skills:
 + Level 1.2 Fighting
 + Level 4.6 Dodging
 + Level 5.6 Stealth
 + Level 5.2 Spellcasting
 + Level 1.8 Conjurations
 + Level 9.4 Fire Magic


You had 5 spell levels left.
You knew the following spells:

 Your Spells              Type           Power      Damage    Failure   Level
a - Foxfire               Conj/Fire      100%       2x1d9     1%          1
b - Scorch                Fire           84%        2d9       1%          2
c - Inner Flame           Hex/Fire       24%        N/A       4%          3
d - Flame Wave            Conj/Fire      27%        2d9       11%         4

Your spell library contained the following spells:

 Spells                   Type           Power      Damage    Failure   Level
 Volatile Blastmotes      Fire/Tloc      48%        2d14      4%          3


Dungeon Overview and Level Annotations

Branches:
Dungeon (1/1)

Altars:
Cheibriados
Dithmenos
Elyvilon
Fedhas
Gozag
Hepliaklqana
Kikubaaqudgha
Makhleb
Nemelex Xobeh
Okawaru
Qazlal
Ru
Sif Muna
Trog
Uskayaw
Vehumet
Wu Jian
Xom
Yredelemnul
Zin
The Shining One
Jiyva
Lugonu


Innate Abilities, Weirdness & Mutations

You cannot wear most types of armour.
You are amphibious.
You can wear up to eight rings at the same time.
Your skin changes colour to match your surroundings (Stealth+).
Your rubbery body absorbs attacks. (AC +1, EV +1)
You are camouflaged when in or above water. (Stealth+)
You have tentacles for arms and can constrict up to eight enemies at once.


Message History

Nothing appears to happen.
Unknown command.
Unknown command.
Casting: Inner Flame (dangerous; 4% risk of failure)
Confirm with . or Enter, or press ? or * to list all spells.
Aiming: Inner Flame (dangerous; 4% risk of failure)
Press: ? - help, Dir - move target, f/p - yaktaur
Aim: a yaktaur (asleep, chance to affect: 64%)
Okay, then.
Casting: Inner Flame (dangerous; 4% risk of failure)
Confirm with . or Enter, or press ? or * to list all spells.
Flames lash the polar bear.
The polar bear is lightly wounded.
The polar bear's fire resistance burns away.
The polar bear is engulfed in a cloud of scalding steam.
The polar bear bites you! The polar bear claws you.
The polar bear closely misses you.
Casting: Scorch (safe; 1% risk of failure)
Confirm with . or Enter, or press ? or * to list all spells.
The spell is quite dangerous to miscast (11% risk of failure)!
Continue anyway?
Casting: Flame Wave (quite dangerous; 11% risk of failure)
Press: ? - help, Dir - look around, f - activate A wave of flame ripples out!
The flame wave engulfs the polar bear.
The polar bear is burned terribly!
The polar bear is moderately wounded. (Press . to intensify the flame waves.)
The water moccasin hisses angrily.
You hear an angry buzzing noise.
You hear a shout!
The polar bear is engulfed in a cloud of scalding steam.
The polar bear bites you. The polar bear claws you. x2
Unknown command.
Unknown command.
A wave of flame ripples out!
The flame wave engulfs the polar bear!!
The polar bear is burned terribly!
The polar bear is almost dead.
You hear an angry growl.
You hear an angry buzzing noise.
The polar bear is engulfed in a cloud of scalding steam.
The polar bear bites you!!
Ouch! That really hurt!
You die...

# .#### +.### =▓$)$)[?()▓▓
...# ...# ##▓$?)?$?!:▓▓
###..## #..# c#▓!:?!)!($▓▓
##.##..# +..# y#▓?$((($)$▓▓
#...#..# #..# .#▓!([??$![▓▓
'##.'..####..##.#▓$??$(??[▓▓
#...#....###...##▓▓▓▓▓▓▓+▓▓▓▓
##.##......~~~§h@§§~~~~~..─Xw
###~~..†§§~#'########+###.ww
l#~~~~~~~§.§#....._..#S~~#
##~~~~~~~~§~#...._._.#S~§§#
#~~~≈≈≈~~~~~#..._._._#§~~§≈#
~~~~~≈≈≈≈§~~#.._._._.#~§§≈≈§
++#~≈≈≈≈≈≈§§#._._._._#§§§§§≈
##≈≈≈###§§#_._._._.#§~~~≈S
#≈≈#._._._._#~§≈§


You could see a polar bear (combustible) and 2 water moccasins.

Vanquished Creatures
  4 necrophages (D)
4 creatures vanquished.

Vanquished Creatures (others)
  A water moccasin (D)
  6 foxfires (D)
  8 tentacles (D)
15 creatures vanquished.

Grand Total: 19 creatures vanquished

Notes
Turn   | Place    | Note
-------+----------+-------------------------------------------
     0 | D        | Conn the Octopode Fire Elementalist began the quest for the
                  | Orb.
     0 | D        | Reached XP level 1. HP: 11/11 MP: 3/3
     1 | D        | Noticed a boulder beetle
     1 | D        | Noticed a boulder beetle
     4 | D        | Noticed a wyvern
     4 | D        | Noticed a wyvern
     8 | D        | Noticed a scorpion
     8 | D        | Noticed a scorpion
    11 | D        | Noticed a necrophage
    11 | D        | Noticed a necrophage
    11 | D        | Noticed a necrophage
    11 | D        | Noticed a necrophage
    19 | D        | Killed a necrophage
    20 | D        | Reached skill level 6 in Fire Magic
    20 | D        | Reached XP level 2. HP: 12/17 MP: 3/6
    20 | D        | Reached XP level 3. HP: 15/21 MP: 4/8
    20 | D        | Reached XP level 4. HP: 20/27 MP: 4/9
    25 | D        | Killed a necrophage
    26 | D        | Reached skill level 7 in Fire Magic
    26 | D        | Reached XP level 5. HP: 7/32 MP: 4/11
    31 | D        | Reached skill level 5 in Stealth
    31 | D        | Reached skill level 8 in Fire Magic
    44 | D        | Reached skill level 1 in Fighting
    44 | D        | Reached skill level 5 in Spellcasting
    44 | D        | Reached skill level 9 in Fire Magic
    44 | D        | Reached XP level 6. HP: 8/38 MP: 3/13
    57 | D        | Learned a level 2 spell: Scorch
    61 | D        | Learned a level 3 spell: Inner Flame
    66 | D        | Learned a level 4 spell: Flame Wave
    71 | D        | Killed a water moccasin
    87 | D        | Found an opulent altar of Gozag.
    88 | D        | Found a blossoming altar of Fedhas.
    89 | D        | Found a white marble altar of Elyvilon.
    89 | D        | Found a burning altar of Makhleb.
    90 | D        | Found a shadowy altar of Dithmenos.
    90 | D        | Found a corrupted altar of Lugonu.
    91 | D        | Found a snail-covered altar of Cheibriados.
    91 | D        | Found an ancient bone altar of Kikubaaqudgha.
    91 | D        | Found a bloodstained altar of Trog.
    92 | D        | Found a viscous altar of Jiyva.
    92 | D        | Found a shimmering blue altar of Sif Muna.
    93 | D        | Found a hazy altar of Hepliaklqana.
    93 | D        | Found a sacrificial altar of Ru.
    94 | D        | Found a shimmering altar of Xom.
    95 | D        | Found a stormy altar of Qazlal.
    95 | D        | Found an ornate altar of the Wu Jian Council.
    95 | D        | Found a sparkling altar of Nemelex Xobeh.
    95 | D        | Found a hide-covered altar of Uskayaw.
    95 | D        | Found a basalt altar of Yredelemnul.
    95 | D        | Found a glowing golden altar of the Shining One.
    96 | D        | Found a radiant altar of Vehumet.
    96 | D        | Found an iron altar of Okawaru.
    96 | D        | Found a glowing silver altar of Zin.
    98 | D        | Noticed a water moccasin
   100 | D        | Noticed a water moccasin
   101 | D        | Became a worshipper of Sif Muna the Loreminder
   114 | D        | Noticed a kraken
   122 | D        | Noticed a water moccasin
   133 | D        | Noticed a yaktaur
   133 | D        | Noticed a hornet
   133 | D        | Noticed a polar bear
   139 | D        | Slain by a polar bear

Illustrated notes

Levels and vault maps discovered:
D:        the_violet_keep_of_menkaure [sprint2_stairs_cluster_1,
          sprint2_shoproom, sprint2_temple, sprint2_basic_supplies,
          sprint2_obstacle_3, sprint2_obstacle_7, sprint2_obstacle_6,
          sprint2_obstacle_1, sprint2_obstacle_5, sprint2_timed_cluster_1,
          sprint2_smallroom_cluster_1, sprint2_smallroom_final_cluster_1,
          sprint2_transparent_cluster_1, sprint2_second_timed_cluster_1,
          sprint2_sniper_area_1, sprint2_heavy_combat_area_1,
          sprint2_mutation_trap_area_1, sprint2_forest_area_1,
          sprint2_light_combat_area_1, sprint2_behind_water_1,
          sprint2_near_end_vault_1]

Skill      XL: |  1  2  3  4  5 |
---------------+----------------+-----
Dodging        | 3 4 |  4.6
Stealth        | 4 5 |  5.6
Spellcasting   | 3 4 5 |  5.2
Fire Magic     | 6 7 9 |  9.4
Fighting       | 1 |  1.2
Conjurations   | |  1.8

Action                     |  1- 3 |  4- 6 || total
---------------------------+-------+-------++-------
  Melee: Unarmed           |     6 |    11 ||    17
         Constrict         |     1 |     2 ||     3
         Tentacles         |     1 |     2 ||     3
   Cast: Foxfire           |       |     3 ||     3
         Scorch            |       |     1 ||     1
         Flame Wave        |       |     1 ||     1
    Use: Potion            |     2 |     2 ||     4
  Dodge: Dodged            |     2 |     6 ||     8

Table legend: (Time is in decaauts)
 A = Elapsed time spent in this place.
 B = Non-inter-level travel time spent in this place.
 C = Inter-level travel time spent in this place.
 D = Time resting spent in this place.
 E = Time spent auto-exploring this place.
 F = Levels seen in this place.
 G = Mean time per level.
                   A        B        C        D        E       F      G
               +--------+--------+--------+--------+--------+-----+--------+
         Total |    142 |    142 |      0 |      9 |      0 |   1 |  142.0 |
       Dungeon |    142 |    142 |      0 |      9 |      0 |   1 |  142.0 |
               +--------+--------+--------+--------+--------+-----+--------+

Top non-repeatable levels by time:
       D: 142 daAuts
